 Dungeon Crawl Stone Soup version 0.23-a0-622-g59b4ea9 (webtiles) character file.

96 ohad the Chopper (level 4, 0/37 HPs)
             Began as a Hill Orc Gladiator on Dec 23, 2018.
             Was an Initiate of Gozag.
             Slain by a gnoll
             ... wielding a +0 spear
              (7 damage)
             ... on level 3 of the Dungeon.
             The game lasted 00:03:31 (1404 turns).

ohad the Chopper (Hill Orc Gladiator)               Turns: 1404, Time: 00:03:31

Health: 0/37       AC:  7    Str: 16    XL:     4   Next: 67%
Magic:  4/4        EV: 10    Int:  8    God:    Gozag
Gold:   216        SH:  0    Dex: 17    Spells: 3/3 levels left

rFire    . . .     SeeInvis .   a - +0 war axe
rCold    . . .     Gourm    .   (no shield)
rNeg     . . .     Faith    .   o - +0 scale mail
rPois    .         Spirit   .   c - +0 helmet
rElec    .         Reflect  .   (no cloak)
rCorr    .         Harm     .   (no gloves)
MR       .....                  (no boots)
Stlth    ..........             (no amulet)
HPRegen  0.12/turn              k - +4 ring of dexterity
MPRegen  0.09/turn              (no ring)

@: no status effects
A: no striking features
a: Potion Petition, Call Merchant, Bribe Branch, Renounce Religion


You were on level 3 of the Dungeon.
You worshipped Gozag.
Gozag was aware of your devotion.
You were not hungry.

You visited 1 branch of the dungeon, and saw 3 of its levels.

You collected 241 gold pieces.
You paid 25 gold pieces to Gozag.

Inventory:

Hand Weapons
 a - a +0 war axe (weapon)
Missiles
 d - 3 throwing nets (quivered)
 e - 12 bolts
Armour
 b - a +0 leather armour
 c - a +0 helmet (worn)
 o - a +0 scale mail (worn)
Jewellery
 k - a +4 ring of dexterity (left hand)
Scrolls
 g - a scroll of amnesia {unknown}
 h - 3 scrolls of identify {unknown}
 j - 2 scrolls of remove curse {unknown}
 l - a scroll of fear {unknown}
 m - 2 scrolls of enchant armour {unknown}
 n - a scroll of fog {unknown}
 q - a scroll of teleportation {unknown}
 r - a scroll of enchant weapon {unknown}
 s - a scroll of immolation {unknown}
Potions
 i - a potion of brilliance {unknown}
 p - a potion of curing {unknown}
Comestibles
 f - 3 rations


   Skills:
 - Level 2.5 Fighting
 + Level 6.7 Axes
 - Level 1.8 Throwing
 - Level 2.6 Dodging


You had 3 spell levels left.
You didn't know any spells.
Your spell library was empty.

Dungeon Overview and Level Annotations

Branches:
Dungeon (3/15)

Altars:
Ashenzari
Gozag
Okawaru
Ru
Vehumet


Message History

The bat closely misses you. The bat hits you but does no damage.
The bat barely misses you. The bat hits you but does no damage.
The bat closely misses you. The bat closely misses you.
The bat hits you but does no damage. The bat barely misses you.
The bat hits you but does no damage. The bat hits you but does no damage.
The bat closely misses you. The bat hits you but does no damage.
The bat hits you but does no damage. The bat hits you but does no damage.
The bat barely misses you. The bat closely misses you.
The bat hits you but does no damage. The bat hits you but does no damage.
The bat hits you but does no damage.
The gnoll hits you from afar with a +0 spear!
You die...
Your body crumbles into a pile of gold.

######## #......#
############### #.####.#
#...gg.K....... #.#
#.##########K#############
#.# #..........#.# .....
#.# #..#######.#g# .####
#.# #..........# #.#
###...# ... #...# ###


You could see 2 gnolls and a bat.

Vanquished Creatures
  2 gnolls (D:3)
  2 adders (D:2)
  2 worms (D:2)
  4 dart slugs
  A giant cockroach (D:1)
  10 goblins
  3 hobgoblins
  5 jackals (D:2)
  5 kobolds
  A ball python (D:2)
  3 bats (D:2)
  2 frilled lizards
  6 rats
46 creatures vanquished.

Notes
Turn   | Place    | Note
-------+----------+-------------------------------------------
     0 | D:1      | ohad the Hill Orc Gladiator began the quest for the Orb.
     0 | D:1      | Reached XP level 1. HP: 18/18 MP: 1/1
    77 | D:1      | Reached XP level 2. HP: 25/25 MP: 2/2
   620 | D:2      | Reached skill level 5 in Axes
   657 | D:2      | Reached XP level 3. HP: 27/30 MP: 3/3
   769 | D:2      | Found a radiant altar of Vehumet.
   769 | D:2      | Found an opulent altar of Gozag.
   769 | D:2      | Found a shattered altar of Ashenzari.
   776 | D:2      | Became a worshipper of Gozag Ym Sagoz the Greedy
   909 | D:2      | Found an iron altar of Okawaru.
   950 | D:2      | Reached skill level 6 in Axes
   953 | D:2      | Found a faded altar of an unknown god.
  1036 | D:2      | Reached XP level 4. HP: 35/37 MP: 4/4
  1043 | D:2      | Found a sacrificial altar of Ru.
  1404 | D:3      | Slain by a gnoll

Vault maps used:
D:1:      saegor_arrival_simple_c
D:2:      chequers_temple_overflow_statue_of_worship, hangedman_ru_absence,
          chequers_ecumenical_altar_twisty, okawaru_gym_becter
D:3:      grunt_temple_overflow_open

Skill      XL: |  1  2  3 |
---------------+----------+-----
Axes           | 5 6 |  6.7
Fighting       | |  2.5
Throwing       | |  1.8
Dodging        | |  2.6

Action                   |  1- 3 |  4- 6 || total
-------------------------+-------+-------++-------
Melee: War axe           |    93 |    26 ||   119
 Stab: Sleeping          |     1 |       ||     1
  Eat: Ration            |       |     1 ||     1
Armor: Leather armour    |    14 |       ||    14
       Scale mail        |    18 |    27 ||    45
Dodge: Dodged            |    55 |    41 ||    96

Table legend:
 A = Non-vault XP
 B = Vault XP
 C = Vault XP percentage of total XP
 D = Non-vault monster count
 E = Vault monster count
 F = Vault count percentage of total count
                 A         B        C        D         E       F
            +---------+---------+-------+---------+---------+-------
      Total |     138 |       0 |   0.0 |      46 |       0 |   0.0
            +---------+---------+-------+---------+---------+-------
        D:1 |      28 |       0 |   0.0 |      15 |       0 |   0.0
        D:2 |      81 |       0 |   0.0 |      28 |       0 |   0.0
        D:3 |      29 |       0 |   0.0 |       3 |       0 |   0.0
            +---------+---------+-------+---------+---------+-------
